Map: Bel'Shir Vestige LE (Void)

Players

Amok

  • Race: Terran Terran
  • League: Diamond
  • Spawn Location: 5:00

PinoKotsBeer - Winner!

  • Race: Terran Terran
  • League: Master
  • Spawn Location: 11:00

VOD

Have the link to the VOD?

Description

Time

  • Played on: Feb. 9, 2017, 5:17 p.m.
  • Length: 20:42
Show
View Real Time Build Order
Export as new Build Order

Amok Terran 

Build Orders: 1/1/1, Cyclone Opening 

Get SALT Encoding   

  12  0:01  SCV  
  13  0:13  SCV  
  14  0:18  Supply Depot  
  14  0:25  SCV  
  15  0:31  Refinery  
  15  0:39  SCV  
  16  0:45  Barracks  
  16  0:54  SCV  
  17  0:58  Refinery  
  17  1:06  SCV  
  18  1:18  SCV  
  19  1:32  Orbital Command  
  19  1:33  Reaper  
  20  1:40  Factory  
  20  1:55  Supply Depot  
  20  1:59  SCV  
  21  2:05  Reaper  
  22  2:11  SCV  
  23  2:23  SCV, Cyclone  
  23  2:28  Starport  
  27  2:35  SCV  
  28  2:38  Barracks Tech Lab  
  28  2:47  SCV  
  29  3:02  SCV  
  30  3:12  Command Center  
  30  3:20  Supply Depot  
  30  3:21  Barracks Reactor  
  30  3:24  Factory Tech Lab  
  30  3:30  Supply Depot  
  30  3:40  SCV  
  31  3:42  Raven  
  31  3:43  Siege Tank  
  36  3:48  Engineering Bay  
  36  3:52  SCV  
  37  4:04  SCV  
  37  4:09  Marine x2  
  40  4:16  SCV  
  41  4:20  Siege Tank  
  44  4:25  Viking  
  44  4:26  Orbital Command  
  44  4:28  SCV  
  47  4:37  Marine x2  
  49  4:39  Missile Turret  
  49  4:44  Missile Turret  
  49  4:45  SCV  
  50  4:52  SCV  
  51  4:56  Siege Tank  
  51  4:57  SCV  
  57  5:04  SCV  
  57  5:06  Supply Depot  
  56  5:09  SCV  
  56  5:10  Viking  
  56  5:13  Viking  
  61  5:14  Marine  
  62  5:23  Supply Depot  
  62  5:28  SCV x2  
  63  5:47  Siege Tank  
  63  5:48  Marine  
  67  5:51  Viking  
  67  5:52  SCV  
  67  5:56  Barracks  
  70  5:58  Barracks  
  70  6:03  SCV  
  71  6:04  SCV  
  71  6:06  Marine  
  73  6:15  Command Center  
  67  6:50  Siege Tank, Viking x2  
  67  6:51  SCV x2  
  76  6:54  Refinery  
  76  6:55  Refinery  
  76  6:57  Engineering Bay, Supply Depot x2  
  76  6:58  Barracks Reactor  
  76  7:03  SCV  
  76  7:04  Barracks  
  76  7:07  SCV  
  78  7:13  Stimpack  
  78  7:18  SCV  
  78  7:19  SCV  
  68  7:46  Marine  
  68  7:47  Siege Tank  
  68  7:49  Barracks Tech Lab  
  68  7:50  SCV x2  
  68  7:51  Terran Infantry Armor Level 1  
  74  7:53  Barracks Reactor, Barracks  
  74  7:56  Marine x2  
  76  8:00  Planetary Fortress  
  76  8:02  SCV  
  76  8:03  SCV  
  76  8:04  Marine  
  79  8:12  Missile Turret, Terran Infantry Weapons Level 1  
  79  8:13  Marine x2  
  79  8:14  SCV  
  79  8:15  SCV  
  83  8:26  Marine x2, SCV  
  87  8:27  SCV  
  87  8:28  Combat Shields  
  87  8:31  Marine x2  
  89  8:36  Supply Depot x2  
  89  8:38  Supply Depot  
  89  8:39  SCV x2  
  91  8:42  Missile Turret, Barracks Reactor, Armory  
  91  8:43  Missile Turret x2  
  91  8:44  Marine  
  91  8:47  SCV  
  93  8:51  SCV x2  
  94  8:57  Supply Depot  
  94  8:59  SCV  
  94  9:01  Siege Tank  
  101  9:03  SCV  
  101  9:04  SCV  
  101  9:06  Refinery  
  101  9:07  Refinery  
  102  9:11  SCV, Supply Depot  
  102  9:12  Supply Depot  
  102  9:15  Marine x4  
  102  9:16  Marauder x2  
  111  9:24  Marine  
  111  9:25  Marine  
  111  9:28  Medivac  
  111  9:30  Medivac  
  114  9:32  Marine  
  114  9:33  Supply Depot  
  114  9:35  Supply Depot  
  115  9:42  Command Center  
  107  9:59  Siege Tank  
  103  10:00  Marine x2  
  103  10:01  Marine, Marauder x2  
  104  10:16  Marine x3  
  104  10:18  Marine  
  106  10:22  Marauder  
  106  10:23  Marine  
  106  10:24  Marine, Marauder  
  106  10:27  Medivac x2  
  116  10:31  Supply Depot x2  
  116  10:32  Supply Depot  
  116  10:33  Marine x2  
  116  10:34  Marine  
  119  10:36  Terran Vehicle Weapons Level 1  
  119  10:37  Factory  
  119  10:39  Command Center, Barracks  
  116  10:44  Marauder  
  116  10:45  Marauder  
  116  10:47  Marine  
  116  10:48  Marine  
  122  10:57  Medivac x2  
  120  11:05  Siege Tank, Marauder  
  120  11:07  Marauder  
  126  11:17  Marine x6  
  125  11:26  Marauder  
  125  11:28  Marauder  
  111  11:34  Marine  
  111  11:37  Marine x2  
  111  11:38  Marine  
  111  11:48  Marauder  
  111  11:49  Marauder  
  111  11:53  Marine  
  111  11:54  Marine  
  117  12:09  Marauder  
  117  12:11  Marauder  
  117  12:14  Marine x2  
  123  12:26  Marine  
  123  12:27  Viking  
  123  12:28  Siege Tank, Viking  
  124  12:31  Marauder  
  124  12:32  Marauder  
  125  12:52  Marauder  
  125  12:54  Marauder  
  129  13:00  Siege Tank  
  129  13:01  Terran Infantry Weapons Level 2, Terran Infantry Armor Level 2  
  124  13:13  Marauder  
  124  13:15  Marauder  
  106  13:32  Marine x3  
  106  13:33  Marine x2  
  105  13:35  Marauder  
  105  13:36  Marauder  
  99  13:52  Liberator x2  
  97  13:56  Marauder  
  97  13:58  Marauder  
  101  14:12  Factory Tech Lab  
  87  14:46  Command Center  
  71  15:18  Refinery  
  71  15:19  Refinery  
  55  15:29  Terran Infantry Armor Level 3  
  55  15:30  Refinery  
  55  15:34  Refinery  
  36  15:55  Orbital Command  
  36  15:56  Factory Tech Lab  
  32  16:07  Marine  
  32  16:08  Marine x4  
  32  16:10  Planetary Fortress  
  33  16:18  Factory Tech Lab  
  33  16:19  Planetary Fortress  
  27  16:26  Siege Tank  
  28  16:33  Bunker  
  28  16:38  Orbital Command  
  26  16:53  Barracks Tech Lab  
  26  16:54  Barracks Reactor x2, Barracks Tech Lab  
  26  16:55  Barracks Reactor  
  26  16:58  SCV  
  21  17:14  Orbital Command  
  14  17:20  SCV  
  14  17:21  Siege Tank  
  21  17:29  SCV  
  21  17:32  SCV  
  16  17:44  SCV  
  16  17:46  SCV  
  8  18:18  Marine  
  8  18:19  Marine x2  
  14  18:21  Siege Tank  
  13  18:39  SCV  
  13  18:51  SCV  
  13  18:54  Barracks x2, Factory  
  13  18:55  Barracks  
  15  19:03  SCV  
  15  19:15  SCV  
  14  19:27  SCV  
Show
View Real Time Build Order
Export as new Build Order

PinoKotsBeer Terran - Winner!

Build Orders: 1/1/1, Cyclone Opening, Mech 

Get SALT Encoding   

  12  0:01  SCV  
  13  0:13  SCV  
  14  0:17  Supply Depot  
  14  0:25  SCV  
  15  0:30  Refinery  
  15  0:39  SCV  
  16  0:44  Barracks  
  16  0:51  SCV  
  17  0:57  Refinery  
  17  1:03  SCV  
  18  1:15  SCV  
  19  1:33  Orbital Command  
  19  1:34  Reaper  
  19  1:39  Factory  
  20  1:51  Supply Depot  
  20  1:59  SCV  
  21  2:06  Reaper  
  22  2:11  SCV  
  23  2:23  Cyclone  
  23  2:25  SCV  
  23  2:29  Starport  
  27  2:38  SCV  
  27  2:40  Supply Depot  
  27  2:42  Barracks Tech Lab  
  28  2:50  SCV  
  29  2:55  Widow Mine  
  31  3:02  SCV  
  32  3:11  Raven  
  34  3:14  SCV  
  35  3:24  Command Center  
  35  3:31  SCV  
  35  3:32  Factory Tech Lab  
  35  3:33  Barracks Reactor  
  35  3:43  SCV, Supply Depot  
  36  3:51  Siege Tank  
  39  4:03  SCV  
  39  4:05  Viking  
  39  4:09  Marine x2  
  43  4:11  Supply Depot  
  43  4:20  SCV  
  44  4:24  Siege Tank  
  47  4:32  Marine x2  
  47  4:33  SCV  
  47  4:36  Viking  
  52  4:44  Bunker  
  52  4:45  SCV  
  54  4:56  Orbital Command  
  54  4:57  SCV  
  56  5:03  Siege Tank  
  57  5:09  Refinery, SCV  
  57  5:10  Refinery  
  58  5:19  Supply Depot  
  58  5:21  SCV  
  58  5:26  SCV  
  60  5:33  SCV  
  61  5:38  SCV  
  61  5:42  Factory  
  61  5:44  Viking x2  
  61  5:45  SCV  
  66  5:50  SCV  
  66  5:51  Siege Tank  
  70  5:57  SCV  
  70  6:03  SCV, Supply Depot  
  72  6:08  Supply Depot  
  72  6:09  SCV  
  68  6:32  Viking  
  68  6:33  Viking  
  68  6:35  SCV x2  
  71  7:01  Siege Tank  
  71  7:03  Siege Tank  
  71  7:04  Viking x2  
  81  7:11  Refinery  
  81  7:14  Factory  
  80  7:17  SCV  
  80  7:22  Supply Depot  
  81  7:23  Supply Depot  
  74  7:39  Siege Tank  
  69  7:49  Hellion  
  69  7:50  SCV x2  
  73  7:58  Viking x2  
  75  8:03  Factory Tech Lab  
  75  8:04  Refinery  
  77  8:07  Factory Reactor  
  77  8:11  Liberator  
  77  8:14  Hellion x2, SCV  
  77  8:15  Engineering Bay, SCV  
  83  8:20  Supply Depot  
  83  8:22  Supply Depot  
  83  8:26  SCV  
  85  8:27  SCV  
  88  8:35  Hellion  
  88  8:37  Hellion  
  88  8:39  SCV x2  
  88  8:40  Liberator  
  88  8:41  Armory  
  94  8:44  Hellion x2  
  98  8:59  Siege Tank  
  98  9:01  Hellion  
  106  9:05  Hellion  
  106  9:07  Hellion  
  106  9:25  Siege Tank  
  106  9:26  Viking  
  111  9:33  Hellion x2  
  111  9:34  Hellion  
  111  9:36  Command Center  
  117  9:40  Viking  
  119  10:09  Siege Tank x2  
  121  10:20  Hellion x2  
  125  10:35  Viking  
  125  10:47  Viking  
  125  10:48  Hellion  
  129  10:57  Hellion, Siege Tank x2  
  137  11:05  Viking  
  137  11:09  Hellion  
  137  11:17  Viking  
  129  11:19  Hellion  
  127  11:29  Hellion, Siege Tank  
  127  11:30  Planetary Fortress  
  118  11:33  Missile Turret  
  118  11:35  Viking  
  111  11:47  Viking  
  113  12:33  Supply Depot  
  113  12:34  Supply Depot  
  111  13:25  Siege Tank x2  
  86  15:02  SCV  
  87  15:14  SCV  
  88  15:26  SCV  
  89  15:38  SCV  
  88  15:48  Missile Turret  
  88  15:51  SCV  
  77  16:37  SCV  
  78  16:49  SCV  
  78  17:01  SCV  
  78  17:13  SCV  
  78  17:14  Viking x2  
  81  17:25  SCV  
  76  17:48  Viking x2  
  76  17:49  Widow Mine  
  82  17:54  SCV  
  83  18:06  SCV  
  84  18:18  SCV  
  85  18:22  Viking x2  
  85  18:25  Hellion  
  91  18:27  Refinery  
  91  18:29  Refinery  
  91  18:30  SCV  
  92  18:42  SCV  
  89  18:55  Hellion, SCV  
  92  19:07  SCV  
  93  19:19  SCV  
  92  19:31  SCV  
  93  19:38  Widow Mine  
  93  19:43  SCV  
  96  19:55  SCV  
Tags
 
Add a new tag
Caveats
  • Supply blocks, unpowered buildings, or Contaminate may cause inaccurate times.
  • Supply counts are checked every 10 seconds.